 Dungeon Crawl Stone Soup version 0.26-a0-812-g31a745ddcd (webtiles) character file.

Game seed: 9668885993750246403

39 Lanoc the Stinger (level 3, -1/24 HPs)
             Began as a Merfolk Venom Mage on Dec 8, 2020.
             Slain by Grinder (3 damage)
             ... while paralysed by Grinder
             ... on level 3 of the Dungeon.
             The game lasted 00:01:53 (886 turns).

Lanoc the Stinger (Merfolk Venom Mage)               Turns: 886, Time: 00:01:54

Health: -1/24      AC:  2    Str:  8    XL:     3   Next: 45%
Magic:  3/6        EV:  2    Int: 15    God:
Gold:   36         SH:  0    Dex: 14    Spells: 5/6 levels left

rFire    . . .     SeeInvis .   (no weapon)
rCold    . . .     Faith    .   (no shield)
rNeg     . . .     Spirit   .   a - +0 robe
rPois    .         Reflect  .   (no helmet)
rElec    .         Harm     .   (no cloak)
rCorr    .         Rampage  .   (no gloves)
MR       .....                  (no boots)
Stlth    ++........             (no amulet)
HPRegen  0.08/turn              (no ring)
MPRegen  0.10/turn              (no ring)

@: paralysed
A: change form in water, swift swim, stealthy swim
a: no special abilities


You were on level 3 of the Dungeon.
You visited 1 branch of the dungeon, and saw 3 of its levels.

You collected 36 gold pieces.

Inventory:

Armour
 a - a +0 robe (worn)
Scrolls
 b - a scroll of amnesia {unknown}
 c - a scroll of teleportation {unknown}
 d - a scroll of identify {unknown}
 e - 2 scrolls of noise {unknown}
Potions
 f - a potion of curing {unknown}
 g - a potion of magic {unknown}


   Skills:
 + Level 3.6 Dodging
 - Level 2.1 Stealth
 - Level 2.0 Spellcasting
 + Level 2.7 Transmutations
 + Level 3.9 Poison Magic


You had 5 spell levels left.
You knew the following spells:

 Your Spells              Type           Power        Failure   Level
a - Sting                 Tmut/Pois      ##..         6%          1

Your spell library contained the following spells:

 Spells                   Type           Power        Failure   Level
 Poisonous Vapours        Pois/Air       #.....       16%         2
 Ignite Poison            Fire/Tmut/Pois #.......     26%         3
 Mephitic Cloud           Conj/Pois/Air  #.......     36%         3
 Olgreb's Toxic Radiance  Pois           ##......     41%         4


Dungeon Overview and Level Annotations

Branches:
Dungeon (3/15)

Altars:

Annotations:
D:3 Grinder


Message History

Aiming: Sting (safe; 6% risk of failure)
Press: ? - help, Shift-Dir - straight line, f/p - Grinder
Aim: Grinder The sting hits Grinder.
Grinder partially resists.
Grinder is lightly wounded.
Casting: Sting (safe; 6% risk of failure)
Confirm with . or Enter, or press ? or * to list all spells.
Aiming: Sting (safe; 6% risk of failure)
Press: ? - help, Shift-Dir - straight line, f/p - Grinder
Aim: Grinder (lightly wounded)
The sting hits Grinder.
Grinder is poisoned.
Grinder is lightly wounded.
Grinder gestures at you.
You suddenly lose the ability to move!
Grinder hits you.
You writhe in agony.
A frilled lizard comes into view.
Grinder hits you!
* * * LOW HITPOINT WARNING * * *
You writhe in agony.
You die...

############
#..........#
#..........#
#..........#
#....5@.<..#
##g...######
#...### l.#
#


You could see Grinder (poisoned), a hobgoblin and a frilled lizard (wandering).

Vanquished Creatures
  3 adders (D:2)
  A leopard gecko (D:1)
  A bat (D:1)
  A hobgoblin (D:2)
  4 frilled lizards
  2 kobolds (D:1)
  4 rats
16 creatures vanquished.

Notes
Turn   | Place    | Note
-------+----------+-------------------------------------------
     0 | D:1      | Lanoc the Merfolk Venom Mage began the quest for the Orb.
     0 | D:1      | Reached XP level 1. HP: 13/13 MP: 3/3
   315 | D:1      | Reached XP level 2. HP: 14/19 MP: 0/5
   666 | D:2      | Reached XP level 3. HP: 19/24 MP: 0/6
   879 | D:3      | Noticed Grinder
   884 | D:3      | Paralysed by Grinder for 5 turns
   886 | D:3      | Slain by Grinder

Illustrated notes

Levels and vault maps discovered:
D:1:      dpeg_arrival_tiny_g, layout_basic, minmay_shallow_snake_nest
D:2:      layout_rooms, kennysheep_small_spiral, wad_orctagon
D:3:      layout_rooms, old_standard_altar, uniq_grinder

Skill      XL: |  1  2 |
---------------+-------+-----
Dodging        | 3 |  3.6
Transmutations | 2 |  2.7
Stealth        | |  2.1
Spellcasting   | |  2.0
Poison Magic   | |  3.9

Action                   || total
-------------------------++-------
Melee: Unarmed           ||    13
 Cast: Sting             ||    27
Armor: Robe              ||     9
Dodge: Dodged            ||    21

Table legend: (Time is in decaauts)
 A = Elapsed time spent in this place.
 B = Non-inter-level travel time spent in this place.
 C = Inter-level travel time spent in this place.
 D = Time resting spent in this place.
 E = Time spent auto-exploring this place.
 F = Levels seen in this place.
 G = Mean time per level.
                   A        B        C        D        E       F      G
               +--------+--------+--------+--------+--------+-----+--------+
         Total |    886 |    881 |      5 |    113 |    561 |   3 |  295.3 |
       Dungeon |    886 |    881 |      5 |    113 |    561 |   3 |  295.3 |
               +--------+--------+--------+--------+--------+-----+--------+

Top non-repeatable levels by time:
     D:1: 627 daAuts
     D:2: 252 daAuts
     D:3: 6 daAuts
